Description

Build order from the first video in PiG's 2023 Zerg Bronze to GM Series.

I've uploaded this as the other example includes a few errors that make it a little frustrating to use with SALT/EMBOT encoding.

Does not include later additions made in subsequent episodes. May do that later.

Timings taken from the final game played in the Bronze/Silver video, starting at 2:17:42.


Big thanks to PiG for putting together the guide

VOD

https://www.youtube.com/watch?v=A9m2VsBPPvQ&t=8456s

Build Order

Get SALT Encoding   

  13  0:13  Overlord  
  17  0:52  Hatchery  Natural
  18  1:08  Extractor  
  17  1:15  Spawning Pool  
  19  1:42  Overlord  
  20  2:06  Queen  
  20  2:07  Queen  
  24  2:08  Zergling  
  25  2:09  Zergling  
  28  2:18  Metabolic Boost  
  32  2:48  Hatchery  Third
  31  2:49  Overlord  Make later Ovies as per macro cycle
  31  2:59  Queen  
  48  4:03  Baneling Nest  Or earlier / whenever natural is saturated
  47  4:11  Extractor  
  47  4:23  Zergling  Round of safety lings
  62  4:48  Evolution Chamber x2  
  62  4:50  Lair  
  76  5:15  Hatchery x2  Macro Hatcheries - > Non-stop lings
  85  5:56  Zerg Ground Armor Level 1, Zerg Melee Weapons Level 1  
  85  5:58  Centrifugal Hooks  
  85  6:10  Hatchery  Fourth
  85  6:12  Hatchery  Fifth -> Keep building hatcheries as you float minerals
Spawning Tool Build Advisor. Get it on Overwolf

Go to:

Details

  • Created by: SMuffin
  • Published on: Oct 28, 2024
  • Modified on: Oct 28, 2024
  • Patch: 5.0.11
  • Difficulty: Easy
Show
View Real Time Build Order
Export as new Build Order

Comments (0)

There are no comments. Be the first!

Create an account to comment!